 Dungeon Crawl Stone Soup version 0.28-a0-726-g4a9143789a (webtiles) character file.

Game seed: 14800230335756806875

135 cheechan the Charlatan (level 5, -3/44 HPs)
             Began as a Naga Artificer on Oct 27, 2021.
             Slain by an orc (5 damage)
             ... on level 4 of the Dungeon.
             The game lasted 00:11:11 (3034 turns).

cheechan the Charlatan (Naga Artificer)             Turns: 3034, Time: 00:11:11

Health: -3/44      AC:  4    Str: 16    XL:     5   Next: 18%
Magic:  5/5        EV: 13    Int: 11    God:
Gold:   89         SH:  0    Dex: 17    Spells: 3/4 levels left

rFire   . . .      SeeInvis +   p - +2 whip (vamp)
rCold   . . .      Faith    .   (no shield)
rNeg    . . .      Spirit   .   b - +0 leather armour
rPois   +          Reflect  .   m - +0 helmet
rElec   .          Harm     .   (no cloak)
rCorr   .          Rampage  .   (no gloves)
Will    .....                   (no barding)
Stlth   ++........              (no amulet)
HPRegen 0.14/turn               g - +6 ring of dexterity
MPRegen 0.09/turn               j - +4 ring of evasion

@: very slow
A: AC +1, large, see invisible, deformed body, poison resistance, slowness 2,
spit poison 1, naga tail 1
a: Spit Poison


You were on level 4 of the Dungeon.
You visited 1 branch of the dungeon, and saw 4 of its levels.

You collected 209 gold pieces.
You spent 120 gold pieces at shops.

Inventory:

Hand Weapons
 f - a +2 mace of draining
 k - a +0 hand axe
 p - a +2 vampiric whip (weapon)
Missiles
 a - 10 bolts
 c - a throwing net
 n - 139 stones
 q - 14 sling bullets
 r - 19 poisoned darts
Armour
 b - a +0 leather armour (worn)
 m - a +0 helmet (worn)
Jewellery
 g - a +6 ring of dexterity (left hand)
 j - a +4 ring of evasion (right hand)
Wands
 d - a wand of charming (15)
Scrolls
 h - a scroll of teleportation
 l - a scroll of vulnerability
 o - a scroll of enchant armour
Miscellaneous
 e - a piece from Xom's chessboard (15/15)


   Skills:
 + Level 1.5 Fighting
 + Level 1.6 Maces & Flails
 + Level 2.4 Armour
 + Level 1.4 Dodging
 + Level 1.8 Stealth
 + Level 0.3 Spellcasting
 + Level 0.1 Summonings
 + Level 4.1 Evocations


You had 3 spell levels left.
You knew the following spells:

 Your Spells              Type           Power      Damage    Failure   Level
a - Summon Small Mammal   Summ           0%         N/A       36%         1

Your spell library contained the following spells:

 Spells                   Type           Power      Damage    Failure   Level
 Corpse Rot               Necr/Air       0%         N/A       54%         2
 Poisonous Vapours        Pois/Air       0%         N/A       54%         2
 Call Canine Familiar     Summ           0%         N/A       75%         3
 Summon Guardian Golem    Hex/Summ       0%         N/A       77%         3


Dungeon Overview and Level Annotations

Branches:
Dungeon (4/15)
 Temple: D:4-7

Altars:
Xom

Shops:
D:2 *


Innate Abilities, Weirdness & Mutations

Your serpentine skin is tough. (AC +1)
You have supernaturally acute eyesight. (SInv)
Armour fits poorly on your strangely shaped body.
Your system is resistant to poisons. (rPois)
You cover ground very slowly.
You can spit poison.
You have a snake-like lower body.


Message History

You closely miss the orc priest.
The orc priest is moderately wounded.
The orc closely misses you.
The orc priest calls upon Beogh to heal the orc.
The orc's wounds heal themselves!
The orc barely misses you.
You hit the orc priest.
You feel better.
The orc priest is heavily wounded.
The orc hits you with a +0 short sword.
The orc priest invokes the aid of Beogh against you.
Beogh smites you! The orc barely misses you.
You closely miss the orc priest.
The orc priest is heavily wounded.
The orc priest hits you with a +0 whip!
* * * LOW HITPOINT WARNING * * *
The orc hits you with a +0 whip of electrocution.
* * * LOW HITPOINT WARNING * * *
The orc misses you.
Okay, then.
Okay, then.
You feel better. The orc priest completely misses you.
The orc hits you but does no damage. The orc completely misses you.
The orc hits you with a +0 short sword.
* * * LOW HITPOINT WARNING * * *
The orc priest looks satisfied for a moment.
The orc hits you with a +0 whip of electrocution.
* * * LOW HITPOINT WARNING * * *
The orc priest barely misses you.
The orc hits you with a +0 whip of electrocution.
* * * LOW HITPOINT WARNING * * *
The orc priest calls down the wrath of Beogh upon you.
Pain shoots through your body!
* * * LOW HITPOINT WARNING * * *
The orc misses you.
There is a stone staircase leading up here.
You feel better. The orc hits you with a +0 short sword.
* * * LOW HITPOINT WARNING * * *
The orc priest hits you with a +0 whip.
* * * LOW HITPOINT WARNING * * *
The orc completely misses you. The orc hits you with a +4 dagger.
You die...

########### #.........#
#.#.#####.###
#.#[#...>...#
#.#.#.#.#.#.#
#.#.###.#.#'##
#########.#.#...#.....
#.........#...###.....
#...o@.####...........
#...ooo#.....#####....
#......##.#..# #....
#..).........### #....
#......##......# ##'##
.............#.##.####...
###...###......##........
+... +......########..
#... #......# #....'..


You could see an orc priest and 3 orcs.

Vanquished Creatures
  A hound (D:4)
  Robin (D:3)
  An adder (D:4)
  2 dart slugs (D:1)
  4 orcs
  6 ball pythons
  7 endoplasms
  3 giant cockroaches
  7 goblins
  11 hobgoblins
  4 jackals (D:2)
  6 kobolds
  4 quokkas
  5 bats
  7 frilled lizards
  3 rats
72 creatures vanquished.

Vanquished Creatures (others)
  A plant (D:2)
1 creature vanquished.

Grand Total: 73 creatures vanquished

Notes
Turn   | Place    | Note
-------+----------+-------------------------------------------
     0 | D:1      | cheechan the Naga Artificer began the quest for the Orb.
     0 | D:1      | Reached XP level 1. HP: 18/18 MP: 1/1
    78 | D:1      | You fall into a shaft and drop 1 floor!
    82 | D:2      | Reached XP level 2. HP: 20/25 MP: 2/2
   539 | D:2      | Found Uboizuan's Assorted Antiques.
   838 | D:1      | Reached XP level 3. HP: 28/31 MP: 3/3
  1105 | D:1      | Reached skill level 4 in Evocations
  1217 | D:1      | Found a faded altar of an unknown god.
  1409 | D:1      | You fall into a shaft and drop 1 floor!
  1647 | D:2      | Bought 2 scrolls of identify for 96 gold pieces
  1647 | D:2      | Bought a scroll labelled PUDUUM QIFEEP for 24 gold pieces
  1712 | D:2      | Found a shimmering altar of Xom.
  1771 | D:3      | Reached skill level 1 in Dodging
  1827 | D:3      | Learned a level 1 spell: Summon Small Mammal
  1891 | D:3      | Noticed Robin
  1896 | D:3      | Reached XP level 4. HP: 27/38 MP: 4/4
  1983 | D:3      | Killed Robin
  1984 | D:3      | Reached skill level 1 in Maces & Flails
  2961 | D:4      | Reached XP level 5. HP: 44/44 MP: 5/5
  3032 | D:4      | HP: 1/44 [orc priest/nerve-wracking pain (5)]
  3034 | D:4      | Slain by an orc

Illustrated notes

Levels and vault maps discovered:
D:1:      noname_arrival_rooms_in_the_neighbourhood, layout_rooms,
          shapermc_ecumenical_altar_totnotflames, minmay_misc_feat_room
D:2:      layout_loops_cross, serial_shops, nicolae_shop_overgrown_old_shop,
          basic_altar, serial_park_tiny_pond
D:3:      layout_rooms, uniq_robin
D:4:      layout_basic, corexii_hall_statues_x, minmay_misc_feat_columns,
          eino_tiny_chamber, nrook_uturn, uniq_eustachio

Skill      XL: |  1  2  3  4 |
---------------+-------------+-----
Evocations     | 4 |  4.1
Armour         | 2 |  2.4
Dodging        | 1 |  1.4
Maces & Flails | 1 |  1.6
Fighting       | |  1.5
Stealth        | |  1.8
Spellcasting   | |  0.3
Summonings     | |  0.1

Action                   |  1- 3 |  4- 6 || total
-------------------------+-------+-------++-------
Melee: Club              |    12 |       ||    12
       Mace              |    54 |    28 ||    82
       Whip              |       |    50 ||    50
 Cast: Summon Small Mamm |     3 |       ||     3
 Abil: Spit Poison       |    10 |    11 ||    21
Evoke: Wand              |    15 |       ||    15
  Use: Scroll            |     6 |     2 ||     8
       Potion            |       |     2 ||     2
Armor: Leather armour    |    22 |    20 ||    42
Dodge: Dodged            |    76 |    59 ||   135

Table legend: (Time is in decaauts)
 A = Elapsed time spent in this place.
 B = Non-inter-level travel time spent in this place.
 C = Inter-level travel time spent in this place.
 D = Time resting spent in this place.
 E = Time spent auto-exploring this place.
 F = Levels seen in this place.
 G = Mean time per level.
                   A        B        C        D        E       F      G
               +--------+--------+--------+--------+--------+-----+--------+
         Total |   3817 |   3817 |      0 |    893 |      0 |   4 |  954.2 |
       Dungeon |   3817 |   3817 |      0 |    893 |      0 |   4 |  954.2 |
               +--------+--------+--------+--------+--------+-----+--------+

Top non-repeatable levels by time:
     D:2: 1618 daAuts
     D:1: 1059 daAuts
     D:3: 863 daAuts
     D:4: 275 daAuts
